 Dungeon Crawl Stone Soup version 0.18-a0-1116-g1750dec (console) character file.

1529 FIQ the Cleaver (level 8, -3/71 HPs)
             Began as a Hill Orc Fighter on Jan 17, 2016.
             Was a Follower of Beogh.
             Slain by an orc warrior
             ... wielding a +0 dire flail
              (19 damage)
             ... on level 6 of the Dungeon.
             The game lasted 00:14:32 (5677 turns).

FIQ the Cleaver (Hill Orc Fighter)                  Turns: 5677, Time: 00:14:32

Health: -3/71      AC:  9    Str: 19    XL:     8   Next: 85%
Magic:  10/10      EV:  7    Int:  8    God:    Beogh [*.....]
Gold:   209        SH: 11    Dex: 16    Spells: 0 memorised, 7 levels left

rFire  . . .     SeeInvis .     a - +0 war axe
rCold  . . .     Gourm    .     b - +0 scale mail
rNeg   . . .     Faith    .     c - +0 shield
rPois  .         Spirit   .     o - +0 helmet
rElec  .         Dismiss  +     (no cloak)
rCorr  .         Reflect  .     (no gloves)
SustAt .         Harm     .     (no boots)
MR     .....                    i - amulet of dismissal
Stlth  ..........               (no ring)
                                y - +4 ring of dexterity

@: not resistant to hostile enchantments, extremely unstealthy
A: no striking features
a: Renounce Religion


You were on level 6 of the Dungeon.
You worshipped Beogh.
Beogh was aware of your devotion.
You were not hungry.

You visited 1 branch of the dungeon, and saw 6 of its levels.
You also visited: Sewer.

You collected 209 gold pieces.

Inventory:

Hand Weapons
 a - a +0 war axe (weapon)
 w - a +0 whip of venom
Armour
 b - a +0 scale mail (worn)
 c - a +0 shield (worn)
 o - a +0 helmet (worn)
Jewellery
 i - an amulet of dismissal (around neck)
 y - a +4 ring of dexterity (left hand)
Wands
 q - a wand of fireball (15/15)
 v - a wand of cold (5/15)
 x - a wand of polymorph (17/24)
Scrolls
 e - 2 scrolls of remove curse
 j - 4 scrolls of teleportation
 k - a scroll of identify
 l - a scroll of recharging
 p - a scroll of fear
 s - 2 scrolls of fog
Potions
 d - a potion of might
 h - a potion of flight
 m - a potion of agility
 n - a potion of magic
 r - 3 potions of curing
 z - a potion of lignification
Comestibles
 f - 4 bread rations
 g - 4 fruits
 t - 2 meat rations
 u - a slice of pizza
 A - 8 chunks of flesh


   Skills:
 + Level 6.8 Fighting
 * Level 8.8 Axes
 + Level 5.6 Armour
 + Level 5.8 Shields
 + Level 3.4 Evocations


You had 7 spell levels left.
You didn't know any spells.

Dungeon Overview and Level Annotations

Branches:
Dungeon (6/15)             Temple (0/1) D:5

Altars:
Ashenzari
Cheibriados
Fedhas
Nemelex Xobeh
Okawaru
Trog


Message History

The orc warrior barely misses you.
You closely miss the orc warrior.
The orc warrior is severely wounded.
The orc warrior hits you but does no damage.
You barely miss the orc warrior.
The orc warrior is severely wounded.
The orc warrior hits you with a dire flail!!
* * * LOW HITPOINT WARNING * * *
You are too injured to fight recklessly!
You are too injured to fight recklessly!
You are too injured to fight recklessly!
Unknown command.
You hit the orc warrior.
The orc warrior is severely wounded.
The orc warrior barely misses you.
Your shield prevents you from hitting the orc warrior.
The orc warrior is severely wounded.
The orc warrior hits you with a dire flail!!
You die...
Beogh appreciates the orc warrior's killing of a heretic priest.

#.# . ... .! #.# ..O
#.# .P.. #.# .
oo_..######
#.#####..#
PPoo....###.........
#....#<....#####
#....###...#
+>..o#####.#
#...ooo@...#
#...o#######
#....... #....[...
#.........
#.........
#......... #?.....


You could see an orc warrior and 4 orcs.

Vanquished Creatures
  Sigmund (D:5)
  Eustachio (D:5)
  2 black bears (D:6)
  An ice beast (D:5)
  An ogre (D:5)
  A centaur (D:5)
  2 giant frogs (Sewer)
  A scorpion (D:5)
  A crimson imp (D:4)
  3 hounds
  A jelly (D:5)
  2 giant frog skeletons
  Terence (D:2)
  An iguana (D:5)
  2 worker ants (D:4)
  13 adders
  5 river rats (Sewer)
  A shadow imp (D:5)
  2 oozes
  4 adder skeletons
  3 worms
  A giant gecko (D:1)
  9 orcs
  16 ball pythons
  2 giant cockroaches
  3 hobgoblins
  5 jackals (D:1)
  3 quokkas
  7 bats
  6 giant newts
  5 goblins
  5 kobolds
  28 rats
139 creatures vanquished.

Vanquished Creatures (others)
  An orc priest (D:4)
  An orc (D:4)
2 creatures vanquished.

Grand Total: 141 creatures vanquished

Notes
Turn   | Place    | Note
--------------------------------------------------------------
     0 | D:1      | FIQ the Hill Orc Fighter began the quest for the Orb.
     0 | D:1      | Reached XP level 1. HP: 19/19 MP: 1/1
   184 | D:1      | Reached XP level 2. HP: 17/27 MP: 2/2
   576 | D:2      | Reached XP level 3. HP: 31/33 MP: 3/3
   664 | D:2      | Noticed Terence
   677 | D:2      | Killed Terence
   677 | D:2      | Reached skill level 4 in Fighting
   677 | D:2      | Reached XP level 4. HP: 40/40 MP: 4/4
  1914 | D:3      | Found a glowing drain.
  1922 | Sewer    | Entered a sewer
  2176 | Sewer    | Reached XP level 5. HP: 26/47 MP: 5/5
  2572 | Sewer    | Reached skill level 5 in Axes
  2583 | Sewer    | Reached skill level 5 in Fighting
  2762 | Sewer    | Reached XP level 6. HP: 14/56 MP: 6/6
  2857 | Sewer    | Reached skill level 6 in Axes
  2857 | Sewer    | Reached skill level 1 in Evocations
  3357 | D:3      | Found a shattered altar of Ashenzari.
  3481 | D:4      | Became a worshipper of Beogh the Brigand
  3662 | D:4      | Reached XP level 7. HP: 43/61 MP: 8/8
  4398 | D:5      | Entered Level 5 of the Dungeon
  4416 | D:5      | Found a sparkling altar of Nemelex Xobeh.
  4418 | D:5      | Noticed Eustachio
  4439 | D:5      | Killed Eustachio
  4439 | D:5      | Reached skill level 7 in Axes
  4479 | D:5      | Found an iron altar of Okawaru.
  4487 | D:5      | Found a staircase to the Ecumenical Temple.
  4574 | D:5      | Reached skill level 5 in Armour
  4574 | D:5      | Reached skill level 5 in Shields
  4574 | D:5      | Reached XP level 8. HP: 53/70 MP: 9/9
  4578 | D:5      | Noticed Sigmund
  4583 | D:5      | Killed Sigmund
  4583 | D:5      | Reached * piety under Beogh
  4602 | D:5      | Reached skill level 8 in Axes
  4917 | D:5      | Found a blossoming altar of Fedhas.
  5062 | D:5      | Found a snail-covered altar of Cheibriados.
  5647 | D:6      | Found a bloodstained altar of Trog.
  5677 | D:6      | Slain by an orc warrior

Vault maps used:
D:1:      shiori_arrival_elements, minmay_misc_feat_columns
D:2:      uniq_terence
D:3:      lemuel_coloured_pillars_altar, lightli_sewer_entry_pipes,
          minmay_close_crescents
D:4:      first_bread, kennysheep_small_circle
D:5:      nemelex_deck, cheibrodos_worm_habitat, fedhas_altar_3,
          minmay_temple_entry_large_hall, basic_altar, uniq_sigmund,
          uniq_eustachio
D:6:      lemuel_slime, grunt_temple_overflow_holy_war, led_sif_pool,
          kennysheep_little_box, makhleb_blood_cavern_becter,
          trog_ov_bears_minmay, serial_shops, nicolae_shop_trees
Sewer:    sewer_minmay_w

Action                   |  1- 3 |  4- 6 |  7- 9 || total
-------------------------+-------+-------+-------++-------
Melee: War axe           |    66 |   329 |   197 ||   592
Invok: Convert to Beogh  |       |     1 |       ||     1
  Use: Scroll            |       |    14 |     1 ||    15
       Potion            |       |     5 |     3 ||     8
  Eat: Chunk             |       |    10 |     7 ||    17
